 Dungeon Sprint DCSS version 0.17.1-3-g152610e (webtiles) character file.

2895 1100001001 the Imperceptible (level 9, 0/61 HPs)
             Began as a Spriggan Assassin on Mar 24, 2016.
             Was a Priest of Dithmenos.
             Slain by a hog (9 damage)
             ... in the Dungeon (Sprint I: "Red Sonja").
             The game lasted 00:01:56 (69 turns).

1100001001 the Imperceptible (Spriggan Assassin)      Turns: 69, Time: 00:01:56

Health: 0/61       AC:  3    Str: 12    XL:     9   Next: 49%
Magic:  6/10       EV: 17    Int: 13    God:    Dithmenos [***...]
Gold:   0          SH:  0    Dex: 20    Spells: 0 memorised, 8 levels left

rFire  . . .     SeeInvis +     a - +2 dagger
rCold  . . .     Clarity  .     c - +0 robe
rNeg   . . .     SustAt   .     (shield restricted)
rPois  .         Gourm    .     (helmet restricted)
rElec  .         Spirit   .     d - +0 cloak
rCorr  .         Warding  .     (gloves unavailable)
rMut   .         NoTele   +     (boots unavailable)
MR     +....                    (no amulet)
Stlth  ..........               (no ring)
                                (no ring)

@: berserking, wreathed by umbra, very quick, somewhat resistant to hostile
enchantments, extremely unstealthy
A: unfitting armour, see invisible, herbivore 3, speed 3, slow metabolism 2
a: Shadow Step, Renounce Religion


You were in the Dungeon.
You worshipped Dithmenos.
Dithmenos was most pleased with you.
You were not hungry.

You visited 1 branch

Inventory:

Hand Weapons
 a - a +2 dagger (weapon)
 b - a +0 blowgun
Missiles
 e - 8 poisoned needles
 f - 2 curare-tipped needles
Armour
 c - a +0 robe (worn)
 d - a +0 cloak (worn)
Wands
 n - a wand of polymorph (7)
Scrolls
 m - a scroll of blinking
Potions
 h - 3 potions of curing
 i - a potion of heal wounds
 j - a potion of haste
 k - 2 potions of magic
Comestibles
 g - a bread ration


   Skills:
 - Level 1.5 Fighting
 + Level 14.5 Short Blades
 - Level 2.0 Throwing
 - Level 1.5 Dodging
 - Level 23.6 Stealth


You had 8 spell levels left.
You didn't know any spells.

Dungeon Overview and Level Annotations

Branches:
Dungeon (1/1)

Altars:
Cheibriados
Dithmenos
Fedhas
Jiyva


Innate Abilities, Weirdness & Mutations

You are tiny and cannot use many weapons and most armour.
You have supernaturally acute eyesight.
You are a herbivore.
You cover ground extremely quickly.
You need consume almost no food.


Message History

A red film seems to cover your vision as you go berserk!
You feel yourself moving faster!
You feel mighty! The hog closely misses you. The hog misses you.
The hog bites you. The hog bites you. The hog misses you. The hog misses you.
The hog closely misses you. The hog closely misses you.
The hog closely misses you.
You hit the hog.
The hog is moderately wounded.
The hog bites you! x2
* * * LOW HITPOINT WARNING * * *
You are too injured to fight recklessly!
You are too injured to fight recklessly!
You are too injured to fight recklessly!
You are too injured to fight recklessly!
You are too injured to fight recklessly!
You hit the hog.
The hog is moderately wounded.
The hog bites you!
* * * LOW HITPOINT WARNING * * *
The hog barely misses you. The hog bites you!
You die...

####################
'..)#$(#§§§§§§§hhhh+
#...##§#§####†hh@h#
#)..'§§#§# ##§hh##
#####§†'$# ###+#
#+####


You could see 9 hogs.

Vanquished Creatures
  A lindwurm (D)
  2 kobold demonologists (D)
  4 demonic crawlers (D)
  A slime creature (D)
  Sigmund (D)
  4 hogs (D)
  An ogre (D)
  Ijyb (D)
  A giant eyeball (D)
16 creatures vanquished.

Notes
Turn   | Place    | Note
--------------------------------------------------------------
     0 | D        | 1100001001 the Spriggan Assassin began the quest for the Orb.
     0 | D        | Reached XP level 1. HP: 10/10 MP: 2/2
     2 | D        | Noticed Ijyb
     4 | D        | Killed Ijyb
     4 | D        | Reached skill level 10 in Stealth
     4 | D        | Reached XP level 2. HP: 14/14 MP: 3/3
     7 | D        | Noticed an ogre
    10 | D        | Killed an ogre
    10 | D        | Reached skill level 14 in Stealth
    10 | D        | Reached XP level 3. HP: 18/18 MP: 4/4
    10 | D        | Reached XP level 4. HP: 22/22 MP: 5/5
    12 | D        | Noticed Sigmund
    15 | D        | Killed Sigmund
    15 | D        | Reached skill level 18 in Stealth
    15 | D        | Reached XP level 5. HP: 25/25 MP: 6/6
    15 | D        | Reached XP level 6. HP: 30/30 MP: 7/7
    22 | D        | Found a snail-covered altar of Cheibriados.
    22 | D        | Found a viscous altar of Jiyva.
    22 | D        | Found a shadowy altar of Dithmenos.
    22 | D        | Found a blossoming altar of Fedhas.
    22 | D        | Noticed a slime creature
    26 | D        | Killed a slime creature
    26 | D        | Reached skill level 20 in Stealth
    27 | D        | Became a worshipper of Dithmenos the Shadowed
    32 | D        | Noticed a kobold demonologist
    33 | D        | Noticed a kobold demonologist
    35 | D        | Killed a kobold demonologist
    35 | D        | Reached skill level 22 in Stealth
    35 | D        | Reached XP level 7. HP: 33/33 MP: 8/8
    38 | D        | Killed a kobold demonologist
    38 | D        | Reached * piety under Dithmenos
    38 | D        | Reached skill level 23 in Stealth
    40 | D        | Noticed a demonic crawler
    40 | D        | Noticed a demonic crawler
    40 | D        | Noticed a demonic crawler
    40 | D        | Noticed a demonic crawler
    42 | D        | Killed a demonic crawler
    42 | D        | Reached XP level 8. HP: 37/37 MP: 9/9
    43 | D        | Killed a demonic crawler
    43 | D        | Reached ** piety under Dithmenos
    45 | D        | Killed a demonic crawler
    45 | D        | Reached skill level 10 in Short Blades
    46 | D        | Killed a demonic crawler
    53 | D        | Noticed a lindwurm
    55 | D        | Killed a lindwurm
    55 | D        | Reached *** piety under Dithmenos
    55 | D        | Reached XP level 9. HP: 41/41 MP: 10/10
    57 | D        | Noticed a hog
    57 | D        | Noticed a hog
    57 | D        | Noticed a hog
    57 | D        | Noticed a hog
    57 | D        | Noticed a hog
    57 | D        | Noticed a hog
    58 | D        | Noticed a hog
    59 | D        | Killed a hog
    60 | D        | Killed a hog
    62 | D        | Killed a hog
    63 | D        | Killed a hog
    64 | D        | Noticed a hog
    64 | D        | Noticed a hog
    64 | D        | Noticed a hog
    64 | D        | Noticed a hog
    64 | D        | Noticed a hog
    64 | D        | Noticed a hog
    69 | D        | Slain by a hog

Action                   |  1- 3 |  4- 6 |  7- 9 || total
-------------------------+-------+-------+-------++-------
Melee: Dagger            |     2 |     3 |    14 ||    19
Invok: Shadow Step       |       |       |     1 ||     1
  Use: Potion            |       |       |     1 ||     1
 Stab: Sleeping          |     2 |     3 |    11 ||    16
